cohdb
Replays
Latest Replays
All Replays
Popular Replays
Top Player Replays
Match Explorer
How It Works
Community
CoH3 Stats
Reddit
Sign in to upload your games and track your stats! →
Sign in with Steam
Match 28271184
Unlisted
Match 28271184
Overview
Messages
Build Orders
End
Construct Section Command Post
Infantry Section
Selects Heavy Armor Battlegroup
Dingo Light Scout Car
Infantry Section
Infantry Section
Construct Platoon Command Post
6-pounder Anti-tank Gun Team
Construct Field Infirmary
Grenade Package
Humber Armored Car
ML 3-inch Mortar Team
Vickers Machine Gun Team
Selects Light Vehicle Withdraw and Refit
Selects Radio Net
Selects Engineer Detachments
Construct Company Command Post
Infantry Section
Selects Crusader AA Medium Tank
Selects UNKNOWN (2162094)
Churchill IV Heavy Tank
Royal Engineer Section
Churchill IV Heavy Tank
Foot Guards Section
Selects Recon Artillery
Recon Artillery
Royal Engineer Section
Royal Engineer Section
Wrathment
Brother
0
0
Comments
sign in to comment!
No comments posted yet!